 Dungeon Crawl Stone Soup version 0.30-a0-360-g447f08457e (webtiles) character file.

Game seed: 1233585656279717362

172 kingsuperguy the Trooper (level 5, -2/47 HPs)
             Began as a Hill Orc Fighter on Nov 14, 2022.
             Was an Initiate of Ashenzari.
             Slain by an ogre
             ... wielding a +0 giant club
              (23 damage)
             ... on level 4 of the Dungeon.
             The game lasted 00:11:14 (2662 turns).

kingsuperguy the Trooper (Hill Orc Fighter)         Turns: 2662, Time: 00:11:14

Health: -2/47      AC:  8    Str: 21    XL:     5   Next: 52%
Magic:  7/7        EV:  9    Int:  8    God:    Ashenzari [......]
Gold:   89         SH:  4    Dex: 10    Spells: 7/7 levels left

rFire   . . .      SeeInvis .    a - +0 war axe
rCold   . . .      Faith    .    c - +0 buckler
rNeg    . . .      Spirit   .    b - +0 scale mail
rPois   .          Reflect  .    (no helmet)
rElec   .          Harm     .    (no cloak)
rCorr   .          Rampage  .    k - +0 pair of gloves
Will    +....                    (no boots)
Stlth   ..........               (no amulet)
HPRegen 0.27/turn                f - ring of willpower
MPRegen 0.10/turn                (no ring)

@: no status effects
A: no striking features
a: Renounce Religion, Curse Item


You were on level 4 of the Dungeon.
You worshipped Ashenzari.
Ashenzari was noncommittal.
You visited 1 branch of the dungeon, and saw 4 of its levels.

You collected 206 gold pieces.
You spent 117 gold pieces at shops.

Inventory:

Hand Weapons
 a - a +0 war axe (weapon)
 l - a +0 sling
 o - a +0 sling
 q - a +2 whip of venom
Missiles
 g - 44 stones (quivered)
 m - 5 poisoned darts
Armour
 b - a +0 scale mail (worn)
 c - a +0 buckler (worn)
 k - a +0 pair of gloves (worn)
 p - a scarf of repulsion
 r - a +0 pair of gloves
Jewellery
 f - a ring of willpower (left hand)
Scrolls
 h - a scroll of magic mapping {unknown}
 i - 6 scrolls of teleportation {unknown}
 n - 2 scrolls of identify {unknown}
 s - a scroll of fear {unknown}
Potions
 d - 2 potions of might
 e - 2 potions of heal wounds
 j - a potion of lignification {unknown}
 t - a potion of degeneration
 u - a potion of curing


   Skills:
 + Level 4.5 Fighting
 + Level 3.9 Axes
 + Level 4.1 Armour
 + Level 4.1 Shields
 * Level 1.6 Spellcasting


You had 7 spell levels left.
You didn't know any spells.
Your spell library was empty.

Dungeon Overview and Level Annotations

Branches:
Dungeon (4/15)
 Temple: D:4-7

Altars:
Ashenzari
Gozag
Nemelex Xobeh
Qazlal

Shops:
D:4 (*!


Message History

You slash the goblin!
You kill the goblin!
Things that are here:
a +0 club; a goblin corpse
Found an escape hatch in the floor.
A goblin comes into view. It is wielding a +0 club.
The goblin shouts!
The goblin hits you but does no damage.
You closely miss the goblin. The goblin hits you with a +0 club. x2
You slash the goblin!
You kill the goblin!
Things that are here:
a +0 club; a goblin corpse You hear the slow rusting of a very distant drain.
An ogre comes into view. It is wielding a +0 giant club.
You hit the ogre.
The ogre is lightly wounded.
The ogre hits you with a +0 giant club!!
You hit the ogre.
The ogre is moderately wounded.
The ogre barely misses you.
You slash the ogre!
The ogre is severely wounded.
The ogre hits you with a +0 giant club!
* * * LOW HITPOINT WARNING * * *
Found 4 stones and a smoky dark potion.
Found a scroll labelled QICOAG IMEU.
Found Kuupiebu's Weapon Shop.
Found 14 gold pieces.
Found a stone staircase leading up.
You hear the rusting of a very distant drain.
You see here 14 gold pieces.
Found 5 stones.
Found a scroll labelled ACOUTUL OPHOUPH.
There is a stone staircase leading up here.
An ogre comes into view. It is wielding a +0 giant spiked club.
The ogre hits you but does no damage. The ogre attacks as you move away!
The ogre hits you with a +0 giant club!!
You die...

..... ....#
.(..# ....#
....#
##....###
#..O.....
##.########
#.<@.......
#..?#O########
#.#.#.# .. # #
#$# #.# #.#
#.#
#.###.#+#####
#...........#
#...........#
#...........#


You could see an ogre.

Vanquished Creatures
  An orc priest (D:3)
  An orc wizard (D:3)
  4 adders
  A worm (D:2)
  3 dart slugs
  3 orcs (D:3)
  6 ball pythons
  8 endoplasms
  7 goblins
  7 hobgoblins
  2 jackals (D:3)
  A quokka (D:1)
  8 bats
  7 frilled lizards
  6 kobolds
  6 rats
71 creatures vanquished.

Vanquished Creatures (others)
  4 plants (D:2)
4 creatures vanquished.

Grand Total: 75 creatures vanquished

Notes
Turn   | Place    | Note
-------+----------+-------------------------------------------
     0 | D:1      | kingsuperguy the Hill Orc Fighter began the quest for the
                  | Orb.
     0 | D:1      | Reached XP level 1. HP: 19/19 MP: 1/1
    76 | D:1      | Reached XP level 2. HP: 23/27 MP: 2/2
   374 | D:1      | Reached XP level 3. HP: 33/33 MP: 3/3
   858 | D:2      | Reached XP level 4. HP: 40/40 MP: 3/5
  1152 | D:2      | Found a faded altar of an unknown god.
  1183 | D:2      | Reached skill level 1 in Spellcasting
  1945 | D:3      | Found a stormy altar of Qazlal.
  1946 | D:3      | Found a broken altar of Ashenzari.
  1952 | D:3      | Became a worshipper of Ashenzari the Shackled
  1974 | D:3      | Reached XP level 5. HP: 47/47 MP: 5/7
  2020 | D:3      | Found an opulent altar of Gozag.
  2086 | D:3      | Found a sparkling altar of Nemelex Xobeh.
  2504 | D:4      | Found Vuohufokh's Distillery.
  2507 | D:4      | Bought a potion of degeneration for 13 gold pieces
  2507 | D:4      | Bought a potion of heal wounds for 65 gold pieces
  2507 | D:4      | Bought a potion of curing for 39 gold pieces
  2546 | D:4      | Found Vauru's Assorted Antiques.
  2628 | D:4      | Noticed an ogre
  2644 | D:4      | Found Kuupiebu's Weapon Shop.
  2660 | D:4      | Noticed an ogre
  2662 | D:4      | Slain by an ogre

Illustrated notes

Levels and vault maps discovered:
D:1:      lemuel_arrival_funnel, layout_rooms
D:2:      layout_basic, chequers_ecumenical_altar_lobes, serial_glass,
          glass_columns_a, glass_columns_b
D:3:      layout_loops_ring, mainiacjoe_overflow_chevrons, marbit_many_paths,
          nicolae_overflow_squiral
D:4:      layout_basic, gammafunk_temple_overflow_arena, serial_shops,
          nicolae_stop_n_shop_2, shop_statue, shop, nicolae_diamond_shop,
          cheibrodos_sewer_entry_bend, chequers_serial_rivers_room_b,
          nicolae_figureground_sparkle

Skill      XL: |  1  2  3  4  5 |
---------------+----------------+-----
Axes           | 3 |  3.9
Fighting       | 4 |  4.5
Spellcasting   | 1 |  1.6
Shields        | 4 |  4.1
Armour         | 4 |  4.1

Action                   |  1- 3 |  4- 6 || total
-------------------------+-------+-------++-------
Melee: War axe           |    80 |    96 ||   176
 Fire: Sling             |       |    10 ||    10
Armor: Scale mail        |    64 |    51 ||   115
Dodge: Dodged            |    52 |    46 ||    98
Block: Buckler           |    26 |    18 ||    44

Table legend: (Time is in decaauts)
 A = Elapsed time spent in this place.
 B = Non-inter-level travel time spent in this place.
 C = Inter-level travel time spent in this place.
 D = Time resting spent in this place.
 E = Time spent auto-exploring this place.
 F = Levels seen in this place.
 G = Mean time per level.
                   A        B        C        D        E       F      G
               +--------+--------+--------+--------+--------+-----+--------+
         Total |   2730 |   2659 |     71 |     51 |   1531 |   4 |  682.5 |
       Dungeon |   2730 |   2659 |     71 |     51 |   1531 |   4 |  682.5 |
               +--------+--------+--------+--------+--------+-----+--------+

Top non-repeatable levels by time:
     D:2: 908 daAuts
     D:3: 861 daAuts
     D:1: 800 daAuts
     D:4: 161 daAuts
